Penguins vs Red Wings
Created - February 21, 2024 at 19:32
Goals
|
| Penguins |
0 |
2 |
2 |
4 |
| Red Wings |
1 |
1 |
0 |
2 |
|
Shots
|
| Penguins |
15 |
10 |
18 |
43 |
| Red Wings |
18 |
9 |
5 |
32 |
|
1st period
1. Red Wings , Adam Gaudette 3 (Charlie Coyle 37, Philip Samuelsson 21) at 18:39
Penalties :
No Penalty
2nd period
2. Penguins , Pavel Buchnevich 12 (Mark Scheifele 41, Sebastian Aho 33) at 1:31 (PP)
3. Penguins , Brandon Tanev 5 (Dmitrij Jaskin 6, Roope Hintz 4) at 5:29
4. Red Wings , Alex DeBrincat 14 (Adam Gaudette 2, Charlie Coyle 38) at 15:27
Penalties :
Brendan Woods (Det) for Interference (Minor) at 1:23, Marcus Foligno (Pit) for Slashing (Minor) at 2:36, Alexander Semin (Pit) for Hooking (Minor) at 8:16
3rd period
5. Penguins , Dmitrij Jaskin 8 (Brandon Tanev 10, Marcus Foligno 16) at 8:54
6. Penguins , Keith Aulie 3 (Marcus Foligno 17, Elias Lindholm 15) at 11:54 (PP)
Penalties :
Brandon Tanev (Pit) for Hooking (Minor) at 6:47, Charlie Coyle (Det) for Roughing (Minor) at 11:04, Roope Hintz (Pit) for Hooking (Minor) at 15:07, Alexander Semin (Pit) for Holding Stick (Minor) at 18:20
Goalie Stats
Ilya Samsonov (Pit), 30 saves from 32 shots - (0.938), W, 10-14-1, 60:00 minutes
Alexandar Georgiev (Det), 39 saves from 43 shots - (0.907), L, 18-18-3, 60:00 minutes
Players Stats for Penguins
Player Name G A P +/- PIM S H SB GA TA FO MP PP MP PK MP
------------------------------------------------------------------------------------
Alexander Semin 0 0 0 -1 4 1 1 1 0 0 1/1 11:31 0:00 1:43
Brandon Tanev 1 1 2 2 2 3 0 0 0 0 1/1 10:30 0:00 2:02
Dmitrij Jaskin 1 1 2 2 0 2 0 0 1 0 0/1 8:09 0:00 0:00
Elias Lindholm 0 1 1 -1 0 1 2 0 0 0 5/11 15:49 0:04 0:55
Keith Aulie 1 0 1 1 0 3 3 4 0 2 0/0 19:54 0:04 4:44
Marcus Foligno 0 2 2 -1 2 1 0 4 1 0 1/1 18:33 0:04 3:52
Mark Scheifele 0 1 1 0 0 5 4 0 1 1 3/6 22:42 0:54 5:09
Max Reinhart 0 0 0 -1 0 1 0 2 1 0 4/6 12:02 0:00 2:30
Neal Pionk 0 0 0 0 0 1 1 0 0 0 0/0 16:49 0:04 4:56
Nick Leddy 0 0 0 -1 0 3 0 0 0 0 0/0 27:34 0:54 4:35
Oscar Klefbom 0 0 0 -1 0 5 2 3 0 2 0/0 28:09 0:54 4:55
Pavel Buchnevich 1 0 1 0 0 7 2 0 1 0 0/1 18:50 0:54 0:29
Pavel Zacha 0 0 0 -1 0 1 1 1 1 1 0/0 14:17 0:04 0:00
Roope Hintz 0 1 1 2 2 2 0 0 0 0 1/2 8:25 0:00 0:00
Sebastian Aho 0 1 1 0 0 2 2 0 0 1 15/34 17:30 0:54 0:00
Shea Weber 0 0 0 1 0 0 1 1 1 0 0/0 15:17 0:00 0:00
Tom Wilson 0 0 0 -1 0 4 1 0 0 0 0/0 12:02 0:00 2:30
Tyson Barrie 0 0 0 0 0 1 0 1 1 0 0/0 12:17 0:00 0:00
Players Stats for Red Wings
Player Name G A P +/- PIM S H SB GA TA FO MP PP MP PK MP
------------------------------------------------------------------------------------
Adam Gaudette 1 1 2 1 0 3 1 1 1 0 0/0 20:36 4:10 0:00
Alex DeBrincat 1 0 1 1 0 2 1 0 1 1 2/3 20:20 4:10 0:00
Brendan Woods 0 0 0 -1 2 1 0 0 0 0 0/0 8:27 0:06 0:00
Cam Barker 0 0 0 -1 0 0 2 0 0 1 0/0 14:38 0:43 0:04
Carson Mcmillan 0 0 0 0 0 2 3 1 0 0 0/0 10:29 0:06 0:58
Charlie Coyle 0 2 2 1 2 6 0 0 2 0 11/21 21:21 5:19 0:00
Colten Teubert 0 0 0 0 0 0 1 3 0 0 0/0 15:28 0:00 0:54
Danton Heinen 0 0 0 0 0 2 2 1 0 0 3/3 20:09 4:10 0:00
Dylan Larkin 0 0 0 0 0 0 2 1 1 0 11/22 21:18 5:19 0:00
Evgeny Dadonov 0 0 0 -1 0 1 1 0 0 0 0/0 8:19 0:00 0:00
Greg Stewart 0 0 0 0 0 6 2 1 1 1 2/5 21:07 5:19 0:00
Jake Gardiner 0 0 0 0 0 4 1 3 0 2 0/0 19:03 3:47 0:00
Jeff Schultz 0 0 0 2 0 1 1 2 0 3 0/0 24:22 3:04 0:54
Mike Richards 0 0 0 -1 0 1 0 0 0 0 3/3 8:41 0:06 0:00
Philip Samuelsson 0 1 1 2 0 1 0 3 1 0 0/0 24:54 4:42 0:00
Roland McKeown 0 0 0 -2 0 2 1 0 0 0 0/0 15:09 1:06 0:04
Sean Bergenheim 0 0 0 0 0 0 0 0 0 0 0/0 8:52 0:00 0:00
T.J. Hensick 0 0 0 -1 0 0 2 0 0 0 1/7 15:47 5:48 0:58
3 Stars
1 - Dmitrij Jaskin (Pit)
2 - Keith Aulie (Pit)
3 - Brandon Tanev (Pit)
Power Play
Penguins - 2 on 2 Attempt(s) - 100.00%
Red Wings - 0 on 5 Attempt(s) - 0.00%
Penalty Kill
Penguins - 5 on 5 Attempt(s) - 100.00%
- Score 0 goal in Penalty Kill
Red Wings - 0 on 2 Attempt(s) - 0.00%
- Score 0 goal in Penalty Kill
Team Stat
Penguins - Hits : 20 - Faceoff Wins : 31 - Blocked Shots : 17 - Penalty Minutes : 10
Red Wings - Hits : 20 - Faceoff Wins : 33 - Blocked Shots : 16 - Penalty Minutes : 4
Official
Referees : Chris Lee and Trevor Hanson
Linesman : David Brisebois and Julien Fournier
Game Notes
No Game Note
Finance
Level 1 -- Attendance: 6000 (100.00%) -- Ticket Income $600,000
Level 2 -- Attendance: 4995 (99.90%) -- Ticket Income $299,700
Level 3 -- Attendance: 1780 (89.00%) -- Ticket Income $62,300
Level 4 -- Attendance: 3735 (93.38%) -- Ticket Income $93,375
Luxury Box -- Attendance: 1000 (100.00%) -- Ticket Income $200,000
Game was played at the Little Caesars arena.
Total Attendance: 17510 (97.28%)
Total Ticket Income: $1,255,375
Other Income: $188,306
Total Income: $1,443,681
Penguins
5 vs 5 Forward
Center Left Wing Right Wing Time % Phy DF OF
1 Sebastian Aho Pavel Buchnevich Mark Scheifele 40 1 1 3
2 Elias Lindholm Pavel Zacha Marcus Foligno 30 1 1 3
3 Max Reinhart Alexander Semin Tom Wilson 20 1 1 3
4 Roope Hintz Brandon Tanev Dmitrij Jaskin 10 1 1 3
5 vs 5 Defense
Defense Defense Time % Phy DF OF
1 Oscar Klefbom Nick Leddy 40 1 2 2
2 Shea Weber Keith Aulie 30 1 2 2
3 Neal Pionk Tyson Barrie 20 1 2 2
4 Oscar Klefbom Nick Leddy 10 1 2 2
PowerPlay Forward
Center Left Wing Right Wing Time % Phy DF OF
1 Sebastian Aho Pavel Buchnevich Mark Scheifele 60 1 1 3
2 Elias Lindholm Pavel Zacha Marcus Foligno 40 1 1 3
PowerPlay Defense
Defense Defense Time % Phy DF OF
1 Oscar Klefbom Nick Leddy 60 1 1 3
2 Neal Pionk Keith Aulie 40 1 1 3
Penalty Kill 4 Players Forward
Center Wing Time % Phy DF OF
1 Mark Scheifele Marcus Foligno 60 1 3 1
2 Max Reinhart Tom Wilson 40 1 3 1
Penalty Kill 4 Players Defense
Defense Defense Time % Phy DF OF
1 Oscar Klefbom Keith Aulie 60 1 3 1
2 Nick Leddy Neal Pionk 40 1 3 1
Penalty Kill - 3 Players Forward
Forward Time % Phy DF OF
1 Mark Scheifele 60 1 3 1
2 Max Reinhart 40 1 3 1
Penalty Kill - 3 Players Defense
Defense Defense Time % Phy DF OF
1 Oscar Klefbom Keith Aulie 60 1 3 1
2 Nick Leddy Neal Pionk 40 1 3 1
4 vs 4 Forward
Center Wing Time % Phy DF OF
1 Sebastian Aho Mark Scheifele 60 1 2 2
2 Elias Lindholm Pavel Buchnevich 40 1 2 2
4 vs 4 Defense
Defense Defense Time % Phy DF OF
1 Oscar Klefbom Nick Leddy 60 1 2 2
2 Shea Weber Keith Aulie 40 1 2 2
Last Minutes Offensive
Center Left Wing Right Wing Defense Defense
Sebastian Aho Pavel Buchnevich Mark Scheifele Oscar Klefbom Nick Leddy
Last Minutes Defensive
Center Left Wing Right Wing Defense Defense
Max Reinhart Brandon Tanev Marcus Foligno Oscar Klefbom Keith Aulie
Goaltenders
Starting : Ilya Samsonov
Backup : Braden Holtby
Extra Forwards
Normal : Mark Scheifele, Pavel Zacha, Pavel Buchnevich - PP : Mark Scheifele, Pavel Zacha - PK : Brandon Tanev
Extra Defensemen
Normal : Oscar Klefbom, Keith Aulie, Tyson Barrie - PP : Tyson Barrie - PK : Oscar Klefbom, Keith Aulie
Penalty Shots
Mark Scheifele, Sebastian Aho, Pavel Zacha, Elias Lindholm, Pavel Buchnevich
Custom OT Lines Forwards
Mark Scheifele, Elias Lindholm, Marcus Foligno, Alexander Semin, Pavel Buchnevich, Max Reinhart, Tom Wilson, Pavel Zacha, Sebastian Aho, Brandon Tanev
Custom OT Lines Defensemen
Oscar Klefbom, Keith Aulie, Nick Leddy, Neal Pionk, Shea Weber
Scratches
None
Red Wings
5 vs 5 Forward
Center Left Wing Right Wing Time % Phy DF OF
1 Charlie Coyle Alex DeBrincat Adam Gaudette 37 1 2 2
2 Dylan Larkin Greg Stewart Danton Heinen 37 1 2 2
3 T.J. Hensick Sean Bergenheim Carson Mcmillan 21 1 2 2
4 Mike Richards Brendan Woods Evgeny Dadonov 5 1 2 2
5 vs 5 Defense
Defense Defense Time % Phy DF OF
1 Philip Samuelsson Jeff Schultz 40 1 2 2
2 Jake Gardiner Colten Teubert 30 1 2 2
3 Cam Barker Roland McKeown 20 1 2 2
4 Cam Barker Roland McKeown 10 1 2 2
PowerPlay Forward
Center Left Wing Right Wing Time % Phy DF OF
1 Charlie Coyle Greg Stewart Dylan Larkin 60 1 2 2
2 Danton Heinen Alex DeBrincat Adam Gaudette 40 1 2 2
PowerPlay Defense
Defense Defense Time % Phy DF OF
1 Philip Samuelsson T.J. Hensick 60 1 2 2
2 Jake Gardiner Jeff Schultz 40 1 2 2
Penalty Kill 4 Players Forward
Center Wing Time % Phy DF OF
1 T.J. Hensick Carson Mcmillan 60 1 2 2
2 Mike Richards Brendan Woods 40 1 2 2
Penalty Kill 4 Players Defense
Defense Defense Time % Phy DF OF
1 Colten Teubert Jeff Schultz 60 1 2 2
2 Roland McKeown Cam Barker 40 1 2 2
Penalty Kill - 3 Players Forward
Forward Time % Phy DF OF
1 Carson Mcmillan 60 1 2 2
2 T.J. Hensick 40 1 2 2
Penalty Kill - 3 Players Defense
Defense Defense Time % Phy DF OF
1 Colten Teubert Jeff Schultz 60 1 2 2
2 Roland McKeown Cam Barker 40 1 2 2
4 vs 4 Forward
Center Wing Time % Phy DF OF
1 Charlie Coyle Alex DeBrincat 60 1 2 2
2 Dylan Larkin Danton Heinen 40 1 2 2
4 vs 4 Defense
Defense Defense Time % Phy DF OF
1 Jake Gardiner Jeff Schultz 60 1 2 2
2 Philip Samuelsson Colten Teubert 40 1 2 2
Last Minutes Offensive
Center Left Wing Right Wing Defense Defense
Charlie Coyle Greg Stewart Dylan Larkin Jake Gardiner Jeff Schultz
Last Minutes Defensive
Center Left Wing Right Wing Defense Defense
Charlie Coyle Brendan Woods Carson Mcmillan Jake Gardiner Jeff Schultz
Goaltenders
Starting : Alexandar Georgiev
Backup : Carter Hutton
Extra Forwards
Normal : T.J. Hensick, Mike Richards, Evgeny Dadonov - PP : T.J. Hensick, Mike Richards - PK : Evgeny Dadonov
Extra Defensemen
Normal : Roland McKeown, Colten Teubert, Cam Barker - PP : Roland McKeown - PK : Jake Gardiner, Philip Samuelsson
Penalty Shots
Dylan Larkin, Adam Gaudette, Alex DeBrincat, Carson Mcmillan, Mike Richards
Custom OT Lines Forwards
Dylan Larkin, Greg Stewart, Charlie Coyle, Danton Heinen, Alex DeBrincat, T.J. Hensick, Adam Gaudette, Carson Mcmillan, Evgeny Dadonov, Brendan Woods
Custom OT Lines Defensemen
Jake Gardiner, Jeff Schultz, Philip Samuelsson, Cam Barker, Colten Teubert
Scratches
Drew Fata (Left Eye Injury), Ryan Kesler (Healthy)
% Time on Ice - Penguins
Lines # - Real PCT - Wanted PCT - Time Play
Normal Forward
1 - 35% - 40% - 17:33
2 - 29% - 30% - 14:13
3 - 19% - 20% - 9:32
4 - 16% - 10% - 8:09
Normal Defense
1 - 41% - 40% - 20:05
2 - 31% - 30% - 15:19
3 - 23% - 20% - 11:19
4 - 6% - 10% - 2:44
PP Forward
1 - 93% - 60% - 0:54
2 - 7% - 40% - 0:04
PP Defense
1 - 93% - 60% - 0:54
2 - 7% - 40% - 0:04
PK Forward
1 - 74% - 60% - 7:05
2 - 26% - 40% - 2:30
PK Defense
1 - 54% - 60% - 5:12
2 - 46% - 40% - 4:23
PK3 Forward
1 - 0% - 60%
2 - 0% - 40%
PK3 Defense
1 - 0% - 60%
2 - 0% - 40%
44 Forward
1 - 0% - 60%
2 - 0% - 40%
44 Defense
1 - 0% - 60%
2 - 0% - 40%
Last Minute Offensive - 0:00
Last Minute Defensive - 0:00
Total
Forward - 60:00
Defense - 60:00
|
% Time on Ice - Red Wings
Lines # - Real PCT - Wanted PCT - Time Play
Normal Forward
1 - 33% - 37% - 16:15
2 - 33% - 37% - 16:32
3 - 18% - 21% - 8:52
4 - 16% - 5% - 7:48
Normal Defense
1 - 41% - 40% - 20:20
2 - 31% - 30% - 15:16
3 - 20% - 20% - 9:41
4 - 8% - 10% - 4:10
PP Forward
1 - 57% - 60% - 5:25
2 - 43% - 40% - 4:10
PP Defense
1 - 61% - 60% - 5:48
2 - 39% - 40% - 3:47
PK Forward
1 - 100% - 60% - 0:58
2 - 0% - 40% - 0:00
PK Defense
1 - 93% - 60% - 0:54
2 - 7% - 40% - 0:04
PK3 Forward
1 - 0% - 60%
2 - 0% - 40%
PK3 Defense
1 - 0% - 60%
2 - 0% - 40%
44 Forward
1 - 0% - 60%
2 - 0% - 40%
44 Defense
1 - 0% - 60%
2 - 0% - 40%
Last Minute Offensive - 0:00
Last Minute Defensive - 0:00
Total
Forward - 60:00
Defense - 60:00
|
Play-by-Play
1st period
0:01 of 1st period - Charlie Coyle wins face-off versus Sebastian Aho in neutral zone.
0:04 of 1st period - Snap shot by Adam Gaudette.
0:04 of 1st period - Deflect By Charlie Coyle.
0:04 of 1st period - Stopped by Ilya Samsonov with a rebound.
0:07 of 1st period - Icing by Nick Leddy.
0:08 of 1st period - Sebastian Aho wins face-off versus Charlie Coyle in Penguins zone.
0:19 of 1st period - Snap shot by Pavel Buchnevich.
0:19 of 1st period - Shot Blocked by Philip Samuelsson.
0:21 of 1st period - Slapshot by Oscar Klefbom.
0:21 of 1st period - Shot Misses the Net.
0:23 of 1st period - Slapshot by Nick Leddy.
0:23 of 1st period - Deflect By Pavel Buchnevich.
0:23 of 1st period - Shot Blocked by Jeff Schultz.
0:23 of 1st period - Puck is out of play.
0:24 of 1st period - Elias Lindholm wins face-off versus Dylan Larkin in Red Wings zone.
0:27 of 1st period - Slapshot by Keith Aulie.
0:27 of 1st period - Deflect By Marcus Foligno.
0:27 of 1st period - Shot Misses the Net.
0:27 of 1st period - Puck is out of play.
0:28 of 1st period - Elias Lindholm wins face-off versus Dylan Larkin in Red Wings zone.
0:31 of 1st period - Wrist shot by Marcus Foligno.
0:31 of 1st period - Shot Blocked by Danton Heinen.
0:33 of 1st period - Slapshot by Keith Aulie.
0:33 of 1st period - Shot Blocked by Greg Stewart.
0:35 of 1st period - Slapshot by Shea Weber.
0:35 of 1st period - Deflect By Elias Lindholm.
0:35 of 1st period - Shot Misses the Net.
0:35 of 1st period - Puck is out of play.
0:36 of 1st period - T.J. Hensick wins face-off versus Max Reinhart in Red Wings zone.
0:45 of 1st period - Snap shot by Carson Mcmillan.
0:45 of 1st period - Stopped by Ilya Samsonov without a rebound.
0:46 of 1st period - Max Reinhart wins face-off versus T.J. Hensick in Penguins zone.
1:15 of 1st period - Snap shot by T.J. Hensick.
1:15 of 1st period - Shot Misses the Net.
1:21 of 1st period - Snap shot by Sean Bergenheim.
1:21 of 1st period - Shot Misses the Net.
1:23 of 1st period - Wrist shot by Roland McKeown.
1:23 of 1st period - Shot Misses the Net.
1:25 of 1st period - Wrist shot by Carson Mcmillan.
1:25 of 1st period - Shot Misses the Net.
1:27 of 1st period - Snap shot by Sean Bergenheim.
1:27 of 1st period - Deflect By Carson Mcmillan.
1:27 of 1st period - Shot Misses the Net.
1:27 of 1st period - Puck is out of play.
1:28 of 1st period - Dylan Larkin wins face-off versus Elias Lindholm in Penguins zone.
1:39 of 1st period - Snap shot by Marcus Foligno.
1:39 of 1st period - Deflect By Elias Lindholm.
1:39 of 1st period - Shot Blocked by Colten Teubert.
1:39 of 1st period - Puck is out of play.
1:40 of 1st period - Alex DeBrincat wins face-off versus Mark Scheifele in Red Wings zone.
2:31 of 1st period - Snap shot by Mike Richards.
2:31 of 1st period - Stopped by Ilya Samsonov without a rebound.
2:32 of 1st period - Mike Richards wins face-off versus Dmitrij Jaskin in Penguins zone.
2:33 of 1st period - Slapshot by Jake Gardiner.
2:33 of 1st period - Stopped by Ilya Samsonov with a rebound.
2:35 of 1st period - Snap shot by Brendan Woods.
2:35 of 1st period - Shot Misses the Net.
2:37 of 1st period - Slapshot by Colten Teubert.
2:37 of 1st period - Shot Blocked by Keith Aulie.
2:39 of 1st period - Wrist shot by Evgeny Dadonov.
2:39 of 1st period - Stopped by Ilya Samsonov without a rebound.
2:40 of 1st period - Sebastian Aho wins face-off versus Charlie Coyle in Penguins zone.
2:57 of 1st period - Slapshot by Jake Gardiner.
2:57 of 1st period - Deflect By Pavel Buchnevich.
2:57 of 1st period - Stopped by Ilya Samsonov without a rebound.
2:58 of 1st period - Dylan Larkin wins face-off versus Elias Lindholm in Penguins zone.
2:59 of 1st period - Slapshot by Greg Stewart.
2:59 of 1st period - Shot Blocked by Keith Aulie.
3:01 of 1st period - Wrist shot by Dylan Larkin.
3:01 of 1st period - Shot Blocked by Shea Weber.
3:03 of 1st period - Snap shot by Roland McKeown.
3:03 of 1st period - Shot Blocked by Keith Aulie.
3:05 of 1st period - Slapshot by Roland McKeown.
3:05 of 1st period - Shot Blocked by Marcus Foligno.
3:07 of 1st period - Slapshot by Cam Barker.
3:07 of 1st period - Shot Misses the Net.
3:09 of 1st period - Slapshot by Roland McKeown.
3:09 of 1st period - Shot Misses the Net.
4:10 of 1st period - Slapshot by Nick Leddy.
4:10 of 1st period - Stopped by Alexandar Georgiev with a rebound.
4:12 of 1st period - Wrist shot by Oscar Klefbom.
4:12 of 1st period - Shot Blocked by Colten Teubert.
4:20 of 1st period - Wrist shot by Tom Wilson.
4:20 of 1st period - Shot Blocked by Jake Gardiner.
4:32 of 1st period - Snap shot by Pavel Buchnevich.
4:32 of 1st period - Shot Blocked by Carson Mcmillan.
4:55 of 1st period - Keith Aulie is hit by Greg Stewart and loses puck.
5:00 of 1st period - Wrist shot by Dylan Larkin.
5:00 of 1st period - Shot Misses the Net.
5:02 of 1st period - Snap shot by Greg Stewart.
5:02 of 1st period - Stopped by Ilya Samsonov with a rebound.
5:04 of 1st period - Slapshot by Colten Teubert.
5:04 of 1st period - Deflect By Greg Stewart.
5:04 of 1st period - Stopped by Ilya Samsonov without a rebound.
5:05 of 1st period - Charlie Coyle wins face-off versus Sebastian Aho in Penguins zone.
5:33 of 1st period - Off-side.
5:34 of 1st period - Elias Lindholm wins face-off versus Dylan Larkin in neutral zone.
5:42 of 1st period - Off-side.
5:43 of 1st period - Sebastian Aho wins face-off versus Dylan Larkin in neutral zone.
5:58 of 1st period - Nick Leddy is hit by Dylan Larkin and loses puck.
6:11 of 1st period - Snap shot by Nick Leddy.
6:11 of 1st period - Stopped by Alexandar Georgiev with a rebound.
6:20 of 1st period - Off-side.
6:21 of 1st period - Max Reinhart wins face-off versus Dylan Larkin in neutral zone.
6:48 of 1st period - Slapshot by Mark Scheifele.
6:48 of 1st period - Stopped by Alexandar Georgiev without a rebound.
6:49 of 1st period - Sebastian Aho wins face-off versus Charlie Coyle in Red Wings zone.
7:25 of 1st period - Slapshot by Nick Leddy.
7:25 of 1st period - Shot Blocked by Jake Gardiner.
7:27 of 1st period - Wrist shot by Pavel Buchnevich.
7:27 of 1st period - Stopped by Alexandar Georgiev with a rebound.
7:41 of 1st period - Jeff Schultz is hit by Elias Lindholm and loses puck.
7:50 of 1st period - Wrist shot by Greg Stewart.
7:50 of 1st period - Shot Blocked by Pavel Zacha.
7:52 of 1st period - Slapshot by Jeff Schultz.
7:52 of 1st period - Stopped by Ilya Samsonov with a rebound.
8:14 of 1st period - Snap shot by Alex DeBrincat.
8:14 of 1st period - Shot Blocked by Marcus Foligno.
8:24 of 1st period - Marcus Foligno is hit by Cam Barker and loses puck.
9:12 of 1st period - Slapshot by Dylan Larkin.
9:12 of 1st period - Deflect By Greg Stewart.
9:12 of 1st period - Shot Misses the Net.
9:12 of 1st period - Puck is out of play.
9:13 of 1st period - Charlie Coyle wins face-off versus Sebastian Aho in Penguins zone.
9:17 of 1st period - Slapshot by Roland McKeown.
9:17 of 1st period - Stopped by Ilya Samsonov without a rebound.
9:18 of 1st period - Charlie Coyle wins face-off versus Sebastian Aho in Penguins zone.
9:27 of 1st period - Snap shot by Alex DeBrincat.
9:27 of 1st period - Stopped by Ilya Samsonov without a rebound.
9:28 of 1st period - Max Reinhart wins face-off versus Charlie Coyle in Penguins zone.
9:35 of 1st period - Snap shot by Alex DeBrincat.
9:35 of 1st period - Shot Blocked by Keith Aulie.
9:37 of 1st period - Slapshot by Philip Samuelsson.
9:37 of 1st period - Stopped by Ilya Samsonov with a rebound.
9:55 of 1st period - Philip Samuelsson is hit by Mark Scheifele and loses puck.
10:27 of 1st period - Jake Gardiner is hit by Pavel Buchnevich and loses puck.
10:34 of 1st period - Slapshot by Mark Scheifele.
10:34 of 1st period - Shot Blocked by Jake Gardiner.
10:36 of 1st period - Snap shot by Mark Scheifele.
10:36 of 1st period - Stopped by Alexandar Georgiev with a rebound.
10:38 of 1st period - Snap shot by Mark Scheifele.
10:38 of 1st period - Stopped by Alexandar Georgiev without a rebound.
10:39 of 1st period - Elias Lindholm wins face-off versus Alex DeBrincat in Red Wings zone.
10:40 of 1st period - Slapshot by Oscar Klefbom.
10:40 of 1st period - Shot Misses the Net.
10:46 of 1st period - Snap shot by Adam Gaudette.
10:46 of 1st period - Deflect By Charlie Coyle.
10:46 of 1st period - Shot Misses the Net.
10:46 of 1st period - Puck is out of play.
10:47 of 1st period - Charlie Coyle wins face-off versus Elias Lindholm in Penguins zone.
11:16 of 1st period - Snap shot by Charlie Coyle.
11:16 of 1st period - Stopped by Ilya Samsonov with a rebound.
12:02 of 1st period - Slapshot by Adam Gaudette.
12:02 of 1st period - Shot Misses the Net.
12:28 of 1st period - Slapshot by Charlie Coyle.
12:28 of 1st period - Stopped by Ilya Samsonov with a rebound.
12:30 of 1st period - Wrist shot by Cam Barker.
12:30 of 1st period - Shot Blocked by Marcus Foligno.
12:32 of 1st period - Snap shot by Roland McKeown.
12:32 of 1st period - Stopped by Ilya Samsonov with a rebound.
13:20 of 1st period - Snap shot by Adam Gaudette.
13:20 of 1st period - Shot Misses the Net.
13:22 of 1st period - Backhand shot by Adam Gaudette.
13:22 of 1st period - Stopped by Ilya Samsonov without a rebound.
13:23 of 1st period - Dylan Larkin wins face-off versus Sebastian Aho in Penguins zone.
13:50 of 1st period - Carson Mcmillan is hit by Alexander Semin and loses puck.
13:59 of 1st period - Slapshot by Jake Gardiner.
13:59 of 1st period - Stopped by Ilya Samsonov without a rebound.
14:00 of 1st period - Roope Hintz wins face-off versus Greg Stewart in Penguins zone.
14:07 of 1st period - Slapshot by Shea Weber.
14:07 of 1st period - Shot Blocked by Dylan Larkin.
14:57 of 1st period - Snap shot by Max Reinhart.
14:57 of 1st period - Shot Misses the Net.
14:59 of 1st period - Wrist shot by Tom Wilson.
14:59 of 1st period - Stopped by Alexandar Georgiev with a rebound.
15:01 of 1st period - Snap shot by Shea Weber.
15:01 of 1st period - Deflect By Max Reinhart.
15:01 of 1st period - Shot Blocked by Philip Samuelsson.
15:01 of 1st period - Puck is out of play.
15:02 of 1st period - Alexander Semin wins face-off versus Dylan Larkin in Red Wings zone.
15:19 of 1st period - Snap shot by Dylan Larkin.
15:19 of 1st period - Shot Blocked by Max Reinhart.
16:37 of 1st period - Pavel Buchnevich is hit by Carson Mcmillan.
16:57 of 1st period - Dmitrij Jaskin is hit by Roland McKeown and loses puck.
17:10 of 1st period - Oscar Klefbom is hit by Dylan Larkin and loses puck.
17:36 of 1st period - Max Reinhart is hit by Alex DeBrincat and loses puck.
17:47 of 1st period - Slapshot by Oscar Klefbom.
17:47 of 1st period - Stopped by Alexandar Georgiev without a rebound.
17:48 of 1st period - Marcus Foligno wins face-off versus T.J. Hensick in Red Wings zone.
17:53 of 1st period - Wrist shot by Marcus Foligno.
17:53 of 1st period - Stopped by Alexandar Georgiev with a rebound.
17:55 of 1st period - Slapshot by Elias Lindholm.
17:55 of 1st period - Stopped by Alexandar Georgiev with a rebound.
18:00 of 1st period - Off-side.
18:01 of 1st period - Dylan Larkin wins face-off versus Sebastian Aho in neutral zone.
18:39 of 1st period - Snap shot by Charlie Coyle.
18:39 of 1st period - Deflect By Adam Gaudette.
18:39 of 1st period - Goal by Adam Gaudette - Penguins : 0 - Red Wings : 1.
18:40 of 1st period - Sebastian Aho wins face-off versus Dylan Larkin in neutral zone.
18:53 of 1st period - Wrist shot by Mark Scheifele.
18:53 of 1st period - Deflect By Sebastian Aho.
18:53 of 1st period - Stopped by Alexandar Georgiev without a rebound.
18:54 of 1st period - Sebastian Aho wins face-off versus Dylan Larkin in Red Wings zone.
18:59 of 1st period - Wrist shot by Pavel Buchnevich.
18:59 of 1st period - Stopped by Alexandar Georgiev with a rebound.
19:28 of 1st period - Snap shot by Tom Wilson.
19:28 of 1st period - Stopped by Alexandar Georgiev with a rebound.
19:30 of 1st period - Snap shot by Nick Leddy.
19:30 of 1st period - Deflect By Tom Wilson.
19:30 of 1st period - Stopped by Alexandar Georgiev with a rebound.
19:32 of 1st period - Snap shot by Max Reinhart.
19:32 of 1st period - Shot Blocked by Jeff Schultz.
19:34 of 1st period - Backhand shot by Oscar Klefbom.
19:34 of 1st period - Stopped by Alexandar Georgiev with a rebound.
Goals for this period are 0 for Penguins vs 1 for Red Wings.
Shots for this period are 15 for Penguins vs 18 for Red Wings.
2nd period
0:01 of 2nd period - Dylan Larkin wins face-off versus Sebastian Aho in neutral zone.
0:53 of 2nd period - Snap shot by T.J. Hensick.
0:53 of 2nd period - Shot Misses the Net.
1:23 of 2nd period - Minor Penalty to Brendan Woods for Interference.
1:24 of 2nd period - Sebastian Aho wins face-off versus T.J. Hensick in Red Wings zone.
1:31 of 2nd period - Snap shot by Pavel Buchnevich.
1:31 of 2nd period - Goal by Pavel Buchnevich - Penguins : 1 - Red Wings : 1.
1:32 of 2nd period - Sebastian Aho wins face-off versus Greg Stewart in neutral zone.
1:34 of 2nd period - Off-side.
1:35 of 2nd period - Greg Stewart wins face-off versus Sebastian Aho in neutral zone.
1:35 of 2nd period - Greg Stewart is hit by Mark Scheifele.
1:46 of 2nd period - Icing by Colten Teubert.
1:47 of 2nd period - Danton Heinen wins face-off versus Sebastian Aho in Red Wings zone.
2:24 of 2nd period - Nick Leddy is hit by Colten Teubert and loses puck.
2:29 of 2nd period - Snap shot by Greg Stewart.
2:29 of 2nd period - Stopped by Ilya Samsonov with a rebound.
2:31 of 2nd period - Snap shot by Greg Stewart.
2:31 of 2nd period - Shot Misses the Net.
2:33 of 2nd period - Wrist shot by Danton Heinen.
2:33 of 2nd period - Stopped by Ilya Samsonov without a rebound.
2:34 of 2nd period - Charlie Coyle wins face-off versus Elias Lindholm in Penguins zone.
2:36 of 2nd period - Minor Penalty to Marcus Foligno for Slashing.
2:37 of 2nd period - Charlie Coyle wins face-off versus Mark Scheifele in Penguins zone.
2:49 of 2nd period - Wrist shot by Greg Stewart.
2:49 of 2nd period - Stopped by Ilya Samsonov with a rebound.
3:05 of 2nd period - Wrist shot by Philip Samuelsson.
3:05 of 2nd period - Shot Blocked by Oscar Klefbom.
3:32 of 2nd period - Icing by Dylan Larkin.
3:33 of 2nd period - Brandon Tanev wins face-off versus Charlie Coyle in Red Wings zone.
4:31 of 2nd period - Jeff Schultz is hit by Pavel Buchnevich and loses puck.
4:36 of 2nd period - Penalty to Marcus Foligno is over, Marcus Foligno is back on ice.
5:07 of 2nd period - Pavel Buchnevich is hit by Jeff Schultz and loses puck.
5:18 of 2nd period - Alex DeBrincat is hit by Neal Pionk and loses puck.
5:25 of 2nd period - Snap shot by Brandon Tanev.
5:25 of 2nd period - Shot Misses the Net.
5:27 of 2nd period - Snap shot by Roope Hintz.
5:27 of 2nd period - Deflect By Dmitrij Jaskin.
5:27 of 2nd period - Stopped by Alexandar Georgiev with a rebound.
5:29 of 2nd period - Backhand shot by Brandon Tanev.
5:29 of 2nd period - Goal by Brandon Tanev - Penguins : 2 - Red Wings : 1.
5:30 of 2nd period - Max Reinhart wins face-off versus Dylan Larkin in neutral zone.
6:19 of 2nd period - T.J. Hensick is hit by Keith Aulie.
7:27 of 2nd period - Wrist shot by Brandon Tanev.
7:27 of 2nd period - Stopped by Alexandar Georgiev without a rebound.
7:28 of 2nd period - Sebastian Aho wins face-off versus Dylan Larkin in Red Wings zone.
7:35 of 2nd period - Philip Samuelsson is hit by Mark Scheifele and loses puck.
8:16 of 2nd period - Minor Penalty to Alexander Semin for Hooking.
8:17 of 2nd period - Charlie Coyle wins face-off versus Mark Scheifele in Penguins zone.
10:16 of 2nd period - Penalty to Alexander Semin is over, Alexander Semin is back on ice.
11:08 of 2nd period - Oscar Klefbom is hit by Cam Barker and loses puck.
11:46 of 2nd period - Mark Scheifele is hit by Carson Mcmillan and loses puck.
12:35 of 2nd period - Charlie Coyle is hit by Keith Aulie.
13:22 of 2nd period - Colten Teubert is hit by Shea Weber and loses puck.
13:43 of 2nd period - Alex DeBrincat is hit by Pavel Zacha and loses puck.
13:48 of 2nd period - Snap shot by Pavel Zacha.
13:48 of 2nd period - Shot Blocked by Adam Gaudette.
13:50 of 2nd period - Snap shot by Marcus Foligno.
13:50 of 2nd period - Shot Misses the Net.
14:00 of 2nd period - Slapshot by Brendan Woods.
14:00 of 2nd period - Stopped by Ilya Samsonov without a rebound.
14:01 of 2nd period - Mike Richards wins face-off versus Roope Hintz in Penguins zone.
14:24 of 2nd period - Jeff Schultz is hit by Sebastian Aho and loses puck.
14:49 of 2nd period - Wrist shot by Alex DeBrincat.
14:49 of 2nd period - Shot Misses the Net.
14:51 of 2nd period - Slapshot by Charlie Coyle.
14:51 of 2nd period - Stopped by Ilya Samsonov with a rebound.
14:53 of 2nd period - Snap shot by Charlie Coyle.
14:53 of 2nd period - Shot Misses the Net.
14:55 of 2nd period - Wrist shot by Adam Gaudette.
14:55 of 2nd period - Deflect By Pavel Zacha.
14:55 of 2nd period - Shot Blocked by Marcus Foligno.
14:55 of 2nd period - Puck is out of play.
14:56 of 2nd period - Danton Heinen wins face-off versus Sebastian Aho in Penguins zone.
15:11 of 2nd period - Snap shot by Dylan Larkin.
15:11 of 2nd period - Deflect By Danton Heinen.
15:11 of 2nd period - Stopped by Ilya Samsonov without a rebound.
15:12 of 2nd period - Charlie Coyle wins face-off versus Elias Lindholm in Penguins zone.
15:17 of 2nd period - Snap shot by Adam Gaudette.
15:17 of 2nd period - Shot Blocked by Oscar Klefbom.
15:25 of 2nd period - Snap shot by Adam Gaudette.
15:25 of 2nd period - Stopped by Ilya Samsonov with a rebound.
15:27 of 2nd period - Snap shot by Alex DeBrincat.
15:27 of 2nd period - Goal by Alex DeBrincat - Penguins : 2 - Red Wings : 2.
15:28 of 2nd period - Sebastian Aho wins face-off versus Charlie Coyle in neutral zone.
15:58 of 2nd period - Off-side.
15:59 of 2nd period - Dylan Larkin wins face-off versus Elias Lindholm in neutral zone.
16:12 of 2nd period - Marcus Foligno is hit by Greg Stewart and loses puck.
16:53 of 2nd period - Snap shot by Pavel Zacha.
16:53 of 2nd period - Shot Misses the Net.
16:55 of 2nd period - Wrist shot by Marcus Foligno.
16:55 of 2nd period - Shot Blocked by Philip Samuelsson.
17:03 of 2nd period - Slapshot by Keith Aulie.
17:03 of 2nd period - Stopped by Alexandar Georgiev without a rebound.
17:04 of 2nd period - Charlie Coyle wins face-off versus Sebastian Aho in Red Wings zone.
17:04 of 2nd period - Charlie Coyle is hit by Sebastian Aho.
17:35 of 2nd period - Snap shot by Carson Mcmillan.
17:35 of 2nd period - Stopped by Ilya Samsonov with a rebound.
17:37 of 2nd period - Slapshot by Roland McKeown.
17:37 of 2nd period - Shot Blocked by Max Reinhart.
17:39 of 2nd period - Snap shot by Roland McKeown.
17:39 of 2nd period - Deflect By T.J. Hensick.
17:39 of 2nd period - Shot Misses the Net.
17:39 of 2nd period - Puck is out of play.
17:40 of 2nd period - Sebastian Aho wins face-off versus Charlie Coyle in Penguins zone.
18:27 of 2nd period - Snap shot by Charlie Coyle.
18:27 of 2nd period - Shot Misses the Net.
18:47 of 2nd period - Snap shot by Adam Gaudette.
18:47 of 2nd period - Shot Blocked by Tyson Barrie.
18:57 of 2nd period - Snap shot by Tyson Barrie.
18:57 of 2nd period - Shot Misses the Net.
18:59 of 2nd period - Slapshot by Neal Pionk.
18:59 of 2nd period - Stopped by Alexandar Georgiev with a rebound.
19:03 of 2nd period - Snap shot by Roope Hintz.
19:03 of 2nd period - Stopped by Alexandar Georgiev with a rebound.
19:05 of 2nd period - Snap shot by Roope Hintz.
19:05 of 2nd period - Stopped by Alexandar Georgiev with a rebound.
19:21 of 2nd period - Snap shot by Brandon Tanev.
19:21 of 2nd period - Stopped by Alexandar Georgiev with a rebound.
19:23 of 2nd period - Snap shot by Tyson Barrie.
19:23 of 2nd period - Stopped by Alexandar Georgiev with a rebound.
19:25 of 2nd period - Snap shot by Dmitrij Jaskin.
19:25 of 2nd period - Deflect By Roope Hintz.
19:25 of 2nd period - Shot Misses the Net.
19:25 of 2nd period - Puck is out of play.
19:26 of 2nd period - Sebastian Aho wins face-off versus Dylan Larkin in Red Wings zone.
19:38 of 2nd period - Off-side.
19:39 of 2nd period - Dylan Larkin wins face-off versus Pavel Buchnevich in neutral zone.
Goals for this period are 2 for Penguins vs 1 for Red Wings.
Shots for this period are 10 for Penguins vs 9 for Red Wings.
3rd period
0:01 of 3rd period - Dylan Larkin wins face-off versus Sebastian Aho in neutral zone.
0:03 of 3rd period - Off-side.
0:04 of 3rd period - Greg Stewart wins face-off versus Sebastian Aho in neutral zone.
0:58 of 3rd period - Wrist shot by Tom Wilson.
0:58 of 3rd period - Shot Misses the Net.
1:00 of 3rd period - Snap shot by Tom Wilson.
1:00 of 3rd period - Stopped by Alexandar Georgiev without a rebound.
1:01 of 3rd period - Dylan Larkin wins face-off versus Sebastian Aho in Red Wings zone.
1:10 of 3rd period - Slapshot by Pavel Buchnevich.
1:10 of 3rd period - Stopped by Alexandar Georgiev with a rebound.
1:12 of 3rd period - Wrist shot by Mark Scheifele.
1:12 of 3rd period - Shot Misses the Net.
1:14 of 3rd period - Wrist shot by Pavel Buchnevich.
1:14 of 3rd period - Stopped by Alexandar Georgiev with a rebound.
2:15 of 3rd period - Snap shot by Alexander Semin.
2:15 of 3rd period - Stopped by Alexandar Georgiev with a rebound.
2:17 of 3rd period - Snap shot by Max Reinhart.
2:17 of 3rd period - Stopped by Alexandar Georgiev without a rebound.
2:18 of 3rd period - Danton Heinen wins face-off versus Sebastian Aho in Red Wings zone.
2:31 of 3rd period - Snap shot by Greg Stewart.
2:31 of 3rd period - Stopped by Ilya Samsonov without a rebound.
2:32 of 3rd period - Dylan Larkin wins face-off versus Sebastian Aho in Penguins zone.
2:59 of 3rd period - Danton Heinen is hit by Oscar Klefbom and loses puck.
3:34 of 3rd period - Philip Samuelsson is hit by Elias Lindholm and loses puck.
4:10 of 3rd period - Sebastian Aho is hit by Evgeny Dadonov and loses puck.
4:31 of 3rd period - Snap shot by Oscar Klefbom.
4:31 of 3rd period - Stopped by Alexandar Georgiev with a rebound.
4:35 of 3rd period - Wrist shot by Alexander Semin.
4:35 of 3rd period - Shot Misses the Net.
4:37 of 3rd period - Snap shot by Oscar Klefbom.
4:37 of 3rd period - Shot Misses the Net.
5:27 of 3rd period - Evgeny Dadonov is hit by Keith Aulie and loses puck.
6:18 of 3rd period - Slapshot by Jake Gardiner.
6:18 of 3rd period - Deflect By Oscar Klefbom.
6:18 of 3rd period - Stopped by Ilya Samsonov with a rebound.
6:20 of 3rd period - Snap shot by T.J. Hensick.
6:20 of 3rd period - Shot Misses the Net.
6:33 of 3rd period - Roland McKeown is hit by Oscar Klefbom and loses puck.
6:47 of 3rd period - Minor Penalty to Brandon Tanev for Hooking.
6:48 of 3rd period - Mark Scheifele wins face-off versus Charlie Coyle in Penguins zone.
6:57 of 3rd period - Keith Aulie is hit by T.J. Hensick and loses puck.
8:15 of 3rd period - Adam Gaudette is hit by Tom Wilson and loses puck.
8:47 of 3rd period - Penalty to Brandon Tanev is over, Brandon Tanev is back on ice.
8:54 of 3rd period - Slapshot by Dmitrij Jaskin.
8:54 of 3rd period - Goal by Dmitrij Jaskin - Penguins : 3 - Red Wings : 2.
8:55 of 3rd period - Mike Richards wins face-off versus Max Reinhart in neutral zone.
9:32 of 3rd period - Wrist shot by Charlie Coyle.
9:32 of 3rd period - Stopped by Ilya Samsonov without a rebound.
9:33 of 3rd period - Dylan Larkin wins face-off versus Sebastian Aho in Penguins zone.
9:48 of 3rd period - Greg Stewart is hit by Mark Scheifele and loses puck.
10:29 of 3rd period - Slapshot by Oscar Klefbom.
10:29 of 3rd period - Stopped by Alexandar Georgiev with a rebound.
10:31 of 3rd period - Slapshot by Nick Leddy.
10:31 of 3rd period - Stopped by Alexandar Georgiev with a rebound.
10:33 of 3rd period - Snap shot by Pavel Zacha.
10:33 of 3rd period - Stopped by Alexandar Georgiev with a rebound.
10:35 of 3rd period - Slapshot by Nick Leddy.
10:35 of 3rd period - Shot Misses the Net.
10:45 of 3rd period - Slapshot by Oscar Klefbom.
10:45 of 3rd period - Stopped by Alexandar Georgiev with a rebound.
10:47 of 3rd period - Slapshot by Oscar Klefbom.
10:47 of 3rd period - Shot Blocked by Colten Teubert.
10:49 of 3rd period - Snap shot by Elias Lindholm.
10:49 of 3rd period - Deflect By Pavel Zacha.
10:49 of 3rd period - Shot Misses the Net.
10:49 of 3rd period - Puck is out of play.
10:50 of 3rd period - Sebastian Aho wins face-off versus Greg Stewart in Red Wings zone.
10:53 of 3rd period - Wrist shot by Pavel Buchnevich.
10:53 of 3rd period - Stopped by Alexandar Georgiev with a rebound.
10:55 of 3rd period - Snap shot by Mark Scheifele.
10:55 of 3rd period - Shot Misses the Net.
10:57 of 3rd period - Wrist shot by Mark Scheifele.
10:57 of 3rd period - Shot Misses the Net.
10:59 of 3rd period - Snap shot by Keith Aulie.
10:59 of 3rd period - Stopped by Alexandar Georgiev with a rebound.
11:01 of 3rd period - Snap shot by Sebastian Aho.
11:01 of 3rd period - Stopped by Alexandar Georgiev without a rebound.
11:02 of 3rd period - Charlie Coyle wins face-off versus Sebastian Aho in Red Wings zone.
11:04 of 3rd period - Minor Penalty to Charlie Coyle for Roughing.
11:05 of 3rd period - Sebastian Aho wins face-off versus T.J. Hensick in Red Wings zone.
11:13 of 3rd period - Slapshot by Mark Scheifele.
11:13 of 3rd period - Stopped by Alexandar Georgiev without a rebound.
11:14 of 3rd period - Sebastian Aho wins face-off versus T.J. Hensick in Red Wings zone.
11:50 of 3rd period - Slapshot by Mark Scheifele.
11:50 of 3rd period - Stopped by Alexandar Georgiev without a rebound.
11:51 of 3rd period - Elias Lindholm wins face-off versus T.J. Hensick in Red Wings zone.
11:54 of 3rd period - Snap shot by Keith Aulie.
11:54 of 3rd period - Goal by Keith Aulie - Penguins : 4 - Red Wings : 2.
11:55 of 3rd period - Alex DeBrincat wins face-off versus Sebastian Aho in neutral zone.
12:12 of 3rd period - Wrist shot by Pavel Buchnevich.
12:12 of 3rd period - Stopped by Alexandar Georgiev with a rebound.
12:22 of 3rd period - Pavel Zacha is hit by Danton Heinen and loses puck.
12:37 of 3rd period - Elias Lindholm is hit by Danton Heinen and loses puck.
12:52 of 3rd period - Tom Wilson is hit by Carson Mcmillan and loses puck.
12:59 of 3rd period - Slapshot by Carson Mcmillan.
12:59 of 3rd period - Shot Blocked by Alexander Semin.
13:33 of 3rd period - Snap shot by Charlie Coyle.
13:33 of 3rd period - Stopped by Ilya Samsonov with a rebound.
13:55 of 3rd period - Wrist shot by Greg Stewart.
13:55 of 3rd period - Stopped by Ilya Samsonov with a rebound.
13:57 of 3rd period - Snap shot by Jeff Schultz.
13:57 of 3rd period - Shot Blocked by Oscar Klefbom.
13:59 of 3rd period - Slapshot by Jeff Schultz.
13:59 of 3rd period - Shot Misses the Net.
15:07 of 3rd period - Minor Penalty to Roope Hintz for Hooking.
15:08 of 3rd period - Mark Scheifele wins face-off versus Charlie Coyle in Penguins zone.
15:53 of 3rd period - Nick Leddy is hit by Adam Gaudette and loses puck.
17:07 of 3rd period - Penalty to Roope Hintz is over, Roope Hintz is back on ice.
17:11 of 3rd period - Keith Aulie is hit by Jake Gardiner and loses puck.
17:57 of 3rd period - Nick Leddy is hit by T.J. Hensick and loses puck.
18:20 of 3rd period - Minor Penalty to Alexander Semin for Holding Stick.
18:21 of 3rd period - Mark Scheifele wins face-off versus Charlie Coyle in Penguins zone.
Goals for this period are 2 for Penguins vs 0 for Red Wings.
Shots for this period are 18 for Penguins vs 5 for Red Wings.